 Dungeon Crawl Stone Soup version 0.21.1-1-g345015f (webtiles) character file.

255 poirepourri the Chopper (level 5, -5/45 HPs)
             Began as a Minotaur Fighter on July 20, 2018.
             Was an Initiate of Makhleb.
             Killed from afar by an orc wizard (10 damage)
             ... with a puff of flame
             ... on level 6 of the Dungeon.
             The game lasted 00:01:19 (1369 turns).

poirepourri the Chopper (Minotaur Fighter)          Turns: 1369, Time: 00:01:20

Health: -5/45      AC: -1    Str: 21    XL:     5   Next: 91%
Magic:  4/4        EV:  7    Int:  5    God:    Makhleb [......]
Gold:   64         SH:  9    Dex: 10    Spells: 4/4 levels left

rFire    . . .     SeeInvis .   a - +0 war axe
rCold    . . .     Gourm    .   c - +0 shield
rNeg     . . .     Faith    .   b - +0 scale mail
rPois    .         Spirit   .   (helmet restricted)
rElec    .         Reflect  .   (no cloak)
rCorr    .         Harm     .   (no gloves)
MR       .....                  (no boots)
Stlth    ..........             (no amulet)
HPRegen  0.15/turn              (no ring)
MPRegen  0.09/turn              (no ring)

@: corroded
A: retaliatory headbutt, horns 2
a: Renounce Religion


You were on level 6 of the Dungeon.
You worshipped Makhleb.
Makhleb was noncommittal.
You were not hungry.

You visited 1 branch of the dungeon, and saw 6 of its levels.

You collected 64 gold pieces.

Inventory:

Hand Weapons
 a - a +0 war axe (weapon)
Missiles
 k - 6 javelins (quivered)
Armour
 b - a +0 scale mail (worn)
 c - a +0 shield (worn)
Jewellery
 e - an uncursed amulet of regeneration {unknown}
Scrolls
 j - 2 scrolls of amnesia
 l - a scroll of immolation {unknown}
Potions
 d - a potion of might
 g - a potion of brilliance {unknown}
 h - a potion of magic
 i - 2 potions of curing {unknown}
Comestibles
 f - 3 rations


   Skills:
 - Level 3.6 Fighting
 + Level 7.5 Axes
 - Level 3.6 Armour
 - Level 3.6 Shields


You had 4 spell levels left.
You didn't know any spells.

Dungeon Overview and Level Annotations

Branches:
Dungeon (6/15)
 Temple: D:4-7

Altars:
Fedhas
Makhleb
Okawaru
Trog
Zin


Innate Abilities, Weirdness & Mutations

You reflexively headbutt those who attack you in melee.
You have a pair of horns on your head.


Message History

You barely miss something. The jelly hits you. The acid corrodes you!
You are splashed with acid!
The acid burns!
Something hits you.
You hit the jelly but do no damage.
Your hands burn!
The jelly is severely wounded.
You closely miss something. The jelly hits you.
You are splashed with acid!
The acid burns!
Something hits you.
* * * LOW HITPOINT WARNING * * *
Unknown command.
Press < or > to pray at altars.
You slash the jelly!
You kill the jelly!
Makhleb accepts your kill.
You hit something.
The orc priest mumbles some strange prayers to Beogh against you.
Beogh smites you!
* * * LOW HITPOINT WARNING * * *
You hear some strange, mumbled words.
A puff of flame appears from out of thin air!
The puff of flame hits you!
You die...

### #<# #.# #.# #.# #.# ##### #.#
#...#
#######.########+#.#########
#.>............+@'o........######
#.....######...#o#...#####.##...#
#.....# #...#)#...### #..#...#
#.....######...#.......####.#....
#................................
#.....######...####)...####.#.<..
#.....# ##### #....# #.#....
#.....# #....# #.#...# ......#
#....# #.#####


You could see an orc priest and an orc wizard.

Vanquished Creatures
  A centaur (D:5)
  A bullfrog (D:6)
  A jelly (D:6)
  An orc priest (D:3)
  2 leopard geckos
  8 orcs
  10 bats
  A hobgoblin (D:3)
  5 jackals
  4 kobolds
  2 quokkas (D:2)
  A ball python (D:3)
  3 frilled lizards
  3 rats
43 creatures vanquished.

Notes
Turn   | Place    | Note
-------+----------+-------------------------------------------
     0 | D:1      | poirepourri the Minotaur Fighter began the quest for the Orb.
     0 | D:1      | Reached XP level 1. HP: 19/19 MP: 0/0
    70 | D:1      | Reached skill level 3 in Axes
   156 | D:1      | Reached XP level 2. HP: 26/26 MP: 1/1
   225 | D:2      | Found a glowing silver altar of Zin.
   228 | D:2      | Found a bloodstained altar of Trog.
   228 | D:2      | Found a blossoming altar of Fedhas.
   257 | D:2      | Reached skill level 4 in Axes
   261 | D:2      | Found an iron altar of Okawaru.
   433 | D:2      | Reached XP level 3. HP: 16/31 MP: 2/2
   817 | D:3      | Reached skill level 5 in Axes
   914 | D:3      | Reached XP level 4. HP: 39/39 MP: 3/3
  1159 | D:5      | Entered Level 5 of the Dungeon
  1172 | D:5      | Noticed a centaur
  1179 | D:5      | Killed a centaur
  1179 | D:5      | Reached skill level 6 in Axes
  1179 | D:5      | Reached XP level 5. HP: 31/45 MP: 4/4
  1299 | D:6      | Reached skill level 7 in Axes
  1315 | D:6      | Found a burning altar of Makhleb.
  1363 | D:6      | Became a worshipper of Makhleb the Destroyer
  1369 | D:6      | Killed from afar by an orc wizard

Skill      XL: |  1  2  3  4  5 |
---------------+----------------+-----
Axes           | 3 4 5 6 7 |  7.5
Fighting       | |  3.6
Armour         | |  3.6
Shields        | |  3.6

Action                   |  1- 3 |  4- 6 || total
-------------------------+-------+-------++-------
Melee: War axe           |    87 |    37 ||   124
       Headbutt          |     7 |     6 ||    13
  Use: Scroll            |     4 |       ||     4
  Eat: Ration            |       |     1 ||     1
Armor: Scale mail        |    49 |    15 ||    64
Dodge: Dodged            |    32 |    14 ||    46
Block: Shield            |    62 |    26 ||    88
